 Dungeon Crawl Stone Soup version 0.28-a0-1447-ga5a8893891 (webtiles) character file.

Game seed: 3288332839604994899

24560 HallandMoats the Fighter (level 12, -1/100 HPs)
             Began as a Demonspawn Fighter on Jan 11, 2022.
             Was the Champion of Cheibriados.
             Slain by Rupert (37 damage)
             ... on level 13 of the Dungeon.
             The game lasted 00:21:58 (17632 turns).

HallandMoats the Fighter (Demonspawn Fighter)      Turns: 17632, Time: 00:21:58

Health: -1/100     AC: 19    Str: 35    XL:     12   Next: 81%
Magic:  5/20       EV: 13    Int: 27    God:    Cheibriados [******]
Gold:   254        SH:  8    Dex: 25    Spells: 11/11 levels left

rFire   . . .      SeeInvis +   a - +2 hand axe (venom)
rCold   . . .      Faith    .   c - +1 buckler
rNeg    + + .      Spirit   .   M - +1 plate armour of Zinnos {rElec rPois rN+ Dex-2 SInv}
rPois   +          Reflect  .   (no helmet)
rElec   +          Harm     .   l - +0 cloak
rCorr   .          Rampage  .   (no gloves)
Will    .....                   (no boots)
Stlth   ..........              (no amulet)
HPRegen 0.26/turn               t - +4 ring of protection
MPRegen 0.17/turn               J - ring of positive energy

@: mighty, spiked, studying Short Blades, very slow
A: ignite blood 1, demonic magic 2, weakness stinger 2
a: Renounce Religion, Bend Time, Temporal Distortion, Slouch, Step From Time


You were on level 13 of the Dungeon.
You worshipped Cheibriados.
Cheibriados was exalted by your worship.
You visited 1 branch of the dungeon, and saw 13 of its levels.
You also visited: Bailey.

You collected 730 gold pieces.
You spent 476 gold pieces at shops.

Inventory:

Hand Weapons
 a - a +2 hand axe of venom (weapon)
 b - the +9 dagger "Orb Guardian's Curse" {freeze, rElec rF+ Int-5 Stlth+}
   (You found it on level 4 of the Dungeon)

   It freezes those it strikes, dealing additional cold damage.
   It can also slow down cold-blooded creatures.
   Int:       It affects your intelligence (-5).
   rF:        It protects you from fire.
   rElec:     It insulates you from electricity.
   Stlth:     It makes you more stealthy.
 d - a +0 vorpal broad axe
 D - a +5 dagger of electrocution
Armour
 c - a +1 buckler (worn)
 l - a +0 cloak (worn)
 s - a +2 pair of gloves of infusion
 M - the +1 plate armour of Zinnos (worn) {rElec rPois rN+ Dex-2 SInv}
   (You bought it in a shop on level 1 of the Dungeon)

   Dex:       It affects your dexterity (-2).
   rElec:     It insulates you from electricity.
   rPois:     It protects you from poison.
   rN:        It protects you from negative energy.
   SInv:      It lets you see invisible.
Jewellery
 t - a +4 ring of protection (left hand)
 x - a ring of protection from fire
 J - a ring of positive energy (right hand)
Wands
 m - a wand of iceblast (27)
 G - a wand of flame (30)
 K - a wand of acid (14)
Scrolls
 e - 4 scrolls of blinking
 g - 3 scrolls of teleportation
 j - 2 scrolls of identify
 k - 2 scrolls of immolation
 o - a scroll of amnesia
 p - a scroll of fear
 u - 2 scrolls of fog
 y - a scroll of enchant armour
 A - a scroll of acquirement
 E - 2 scrolls of enchant weapon
 F - 2 scrolls of summoning
 L - a scroll of magic mapping
Potions
 f - 2 potions of lignification {unknown}
 h - 3 potions of magic
 i - 2 potions of degeneration
 n - 3 potions of resistance {unknown}
 q - 2 potions of flight
 r - 4 potions of invisibility {unknown}
 v - 3 potions of attraction {unknown}
 w - 3 potions of cancellation {unknown}
 z - a potion of might
 C - a potion of mutation {unknown}
 I - 2 potions of curing


   Skills:
 * Level 11.5 Fighting
 + Level 6.4 Short Blades
 * Level 10.4 Axes
 + Level 7.6 Armour
 + Level 7.2 Dodging
 - Level 5.0 Shields
 * Level 10.8 Invocations


You had 11 spell levels left.
You didn't know any spells.
Your spell library contained the following spells:

 Spells                   Type           Power      Damage    Failure   Level
 Corpse Rot               Necr/Air       0%         N/A       82%         2
 Ignite Poison            Fire/Tmut/Pois 0%         N/A       96%         3
 Mephitic Cloud           Conj/Pois/Air  0%         N/A       96%         3
 Ozocubu's Armour         Ice            0%         N/A       96%         3
 Animate Armour           Summ/Erth      0%         N/A       100%        4
 Dispel Undead            Necr           0%         3d6       100%        4
 Blade Hands              Tmut           0%         N/A       100%        5
 Fireball                 Conj/Fire      0%         3d3       100%        5
 Freezing Cloud           Conj/Ice/Air   0%         6-21      100%        5
 Metabolic Englaciation   Hex/Ice        0%         N/A       100%        5
 Death Channel            Necr           0%         N/A       100%        6
 Iron Shot                Conj/Erth      0%         9d1       100%        6
 Simulacrum               Ice/Necr       0%         N/A       100%        6
 Starburst                Conj/Fire      0%         6d3       100%        6
 Borgnjor's Revivificati  Necr           0%         N/A       100%        8
 Ignition                 Fire           0%         3d3       100%        8
 Necromutation            Tmut/Necr      0%         N/A       100%        8
 Death's Door             Necr           0%         N/A       100%        9


Dungeon Overview and Level Annotations

Branches:
Dungeon (13/15)            Temple (0/1) D:7            Lair (0/6) D:10
    Orc (0/2) D:9          Vaults (0/5) D:13         Bailey (visited)

Altars:
Cheibriados
Okawaru
Sif Muna

Shops:
D:1 [(!*?   D:7 [   D:9 (

Portals:
Trove: D:11 (give horn of Geryon)

Annotations:
D:13 Rupert, Urug


Innate Abilities, Weirdness & Mutations

Your demonic aura sometimes causes spilled blood to erupt in flames.
Spells you cast may paralyse nearby enemies.
You have a tail ending in a sharp stinger.


Message History

A troll comes into view.
Rupert hits you with a +0 battleaxe of flaming!
Rupert burns you.
Unknown command.
Unknown command.
Unknown command.
You slash Rupert!
Rupert is poisoned.
Rupert is heavily wounded.
You slice the slime creature!!
You kill the slime creature!
Cheibriados thoroughly appreciates the change of pace.
You block Urug's attack.
Rupert is engulfed in blazing flames.
Rupert hits you with a +0 battleaxe of flaming!
Rupert burns you.
You hit Rupert.
Rupert looks as sick as possible!
Rupert is severely wounded.
You slash the slime creature!
The troll changes into a spriggan!
Urug throws a javelin.
The javelin pierces through you!!
Rupert is engulfed in blazing flames.
Rupert hits you with a +0 battleaxe of flaming.
Rupert burns you. You block the slime creature's attack.
You slash Rupert!
Rupert looks as sick as possible!
Rupert is severely wounded.
You slash the slime creature!
You kill the slime creature!
Cheibriados thoroughly appreciates the change of pace.
Rupert is engulfed in blazing flames.
Rupert hits you but does no damage. Urug misses you.
The manticore flicks its tail.
The volley of spikes hits you!
The barbed spikes become lodged in your body.
You slash Rupert!
Rupert looks as sick as possible!
You tail-slap Rupert, but do no damage.
Rupert is almost dead.
You slash the slime creature!
You kill the slime creature!
Cheibriados thoroughly appreciates the change of pace.
Rupert is engulfed in blazing flames.
Rupert hits you with a +0 battleaxe of flaming!!!
You die...

...#........#
#....$......#
............###
#...........H..
.......†.....#
......°......#
#....†<@°....#
....†.∩@.....#
#...†........#
#.....o.†.....i
#..............
#..............
#..............
.).............
.#####.########


You could see Rupert (berserk, extremely poisoned), Urug, a manticore and a
spriggan shaped shifter.

Vanquished Creatures
  An orc warlord (Bailey)
  Nessos (D:13)
  Erolcha (D:12)
  2 boulder beetles
  2 centaur warriors (D:12)
  2 two-headed ogres
  Sonja (D:12)
  Pikel (D:7)
  2 ugly things
  A deep elf pyromancer (D:12)
  2 manticores
  A komodo dragon (D:12)
  A kobold demonologist (D:9)
  4 unseen horrors
  5 trolls
  A raiju (shapeshifter) (D:13)
  5 slime creatures (D:13)
  5 wyverns
  16 humans (D:13)
  16 yaks
  2 basilisks
  Duvessa (D:7)
  4 black bears
  2 ice beasts
  4 sky beasts
  18 orc warriors
  A necrophage (D:5)
  A hornet zombie (D:7)
  An ogre (D:4)
  8 centaurs
  2 lemures (D:7)
  3 bullfrogs
  2 kobold brigands
  A gnoll sergeant (D:8)
  4 scorpions
  Dowan (D:7)
  A water moccasin skeleton (D:5)
  2 jellies
  5 killer bees (D:8)
  3 wights (D:9)
  2 electric eels (D:10)
  3 howler monkeys (D:8)
  3 centaur zombies
  3 hounds
  4 orc priests
  3 gnoll shamans
  A bullfrog skeleton (D:4)
  4 iguanas
  Natasha (thrice) (D:3)
  14 orc wizards
  A killer bee zombie (D:8)
  3 hound skeletons
  27 gnolls
  9 adders
  2 river rats (D:3)
  A shadow imp (D:8)
  A white imp (D:5)
  An ufetubus (D:5)
  An adder zombie (D:5)
  5 worms
  A dart slug (D:1)
  56 orcs
  4 endoplasms
  4 giant cockroaches
  15 hobgoblins
  9 jackals
  4 quokkas
  8 ball pythons
  5 bats
  3 frilled lizards
  16 goblins
  23 kobolds
  10 rats
385 creatures vanquished.

Vanquished Creatures (others)
  10 plants
10 creatures vanquished.

Grand Total: 395 creatures vanquished

Notes
Turn   | Place    | Note
-------+----------+-------------------------------------------
     0 | D:1      | HallandMoats the Demonspawn Fighter began the quest for the
                  | Orb.
     0 | D:1      | Reached XP level 1. HP: 18/18 MP: 1/1
   111 | D:1      | Gained mutation: Spells you cast may paralyse adjacent
                  | enemies. [demonic ancestry]
   111 | D:1      | Reached XP level 2. HP: 21/24 MP: 2/2
   245 | D:1      | Found Rahod's Magic Scroll Boutique.
   257 | D:1      | Found Foucieg's Weapon Shoppe.
   642 | D:1      | Found Zeb Kosuku's Assorted Antiques.
   663 | D:1      | Reached XP level 3. HP: 15/29 MP: 3/3
   990 | D:1      | Found Bakenu's Antique Armour Emporium.
  1024 | D:1      | Found Qisul's Distillery.
  1253 | D:2      | Reached skill level 1 in Dodging
  1514 | D:2      | Gained mutation: You have a small tail. [demonic ancestry]
  1514 | D:2      | Reached XP level 4. HP: 37/37 MP: 4/4
  1571 | D:2      | Found a snail-covered altar of Cheibriados.
  1824 | D:2      | Became a worshipper of Cheibriados the Contemplative
  2015 | D:3      | Found a faded altar of an unknown god.
  2065 | D:3      | Noticed Natasha
  2071 | D:3      | Killed Natasha
  2073 | D:3      | Noticed Natasha
  2078 | D:3      | Killed Natasha
  2079 | D:3      | Reached skill level 4 in Fighting
  2079 | D:3      | Reached XP level 5. HP: 26/42 MP: 5/5
  2083 | D:3      | Noticed Natasha
  2089 | D:3      | Killed Natasha
  2201 | D:3      | Reached * piety under Cheibriados
  2634 | D:3      | You fall into a shaft and drop 1 floor!
  2668 | D:4      | Reached XP level 6. HP: 43/49 MP: 6/6
  3210 | D:4      | Reached ** piety under Cheibriados
  3217 | D:4      | Noticed an orc warrior
  3227 | D:4      | Killed an orc warrior
  3238 | D:4      | Gained mutation: Your demonic aura sometimes causes spilled
                  | blood to erupt in flames. [demonic ancestry]
  3238 | D:4      | Reached XP level 7. HP: 17/55 MP: 7/7
  3275 | D:4      | Reached skill level 5 in Fighting
  3985 | D:4      | Identified the +9 dagger "Orb Guardian's Curse" {freeze,
                  | rElec rF+ Int-5 Stlth+}
  4023 | D:4      | Reached *** piety under Cheibriados
  4335 | D:5      | Entered Level 5 of the Dungeon
  4407 | D:5      | Gained mutation: Spells you cast may paralyse nearby
                  | enemies. [demonic ancestry]
  4407 | D:5      | Reached XP level 8. HP: 41/64 MP: 8/8
  4700 | D:5      | Identified the +0 robe of the Shrike {Will++ Int+2}
  4765 | D:5      | Reached skill level 6 in Fighting
  4765 | D:5      | Reached skill level 5 in Axes
  4772 | D:5      | Reached skill level 1 in Invocations
  6306 | D:6      | Reached **** piety under Cheibriados
  6453 | D:6      | Gained mutation: You have a tail ending in a sharp stinger.
                  | [demonic ancestry]
  6453 | D:6      | Reached XP level 9. HP: 67/71 MP: 11/11
  6629 | D:6      | Reached skill level 7 in Fighting
  7644 | D:7      | Reached ***** piety under Cheibriados
  7645 | D:7      | Reached skill level 5 in Shields
  7697 | D:7      | Found a flagged portal.
  7713 | Bailey   | Entered a bailey
  7795 | Bailey   | Reached skill level 5 in Armour
  8034 | Bailey   | Reached skill level 8 in Fighting
  8334 | Bailey   | Noticed an orc warlord
  8355 | Bailey   | Killed an orc warlord
  8356 | Bailey   | Reached skill level 5 in Dodging
  8356 | Bailey   | Reached skill level 5 in Invocations
  8356 | Bailey   | Reached XP level 10. HP: 5/82 MP: 12/14
  8742 | D:7      | Found Vingor's Armour Shoppe.
  8781 | D:7      | Found a staircase to the Ecumenical Temple.
  8801 | D:7      | Noticed Duvessa
  8801 | D:7      | Noticed Dowan
  8803 | D:7      | Noticed Pikel
  8806 | D:7      | Killed Duvessa
  8817 | D:7      | Killed Pikel
  8822 | D:7      | Killed Dowan
 10224 | D:8      | Reached skill level 9 in Fighting
 10522 | D:8      | Reached ****** piety under Cheibriados
 10999 | D:1      | Bought a translucent plate armour for 476 gold pieces
 10999 | D:1      | Identified the +1 plate armour of Zinnos {rElec rPois rN+
                  | Dex-2 SInv} (You bought it in a shop on level 1 of the
                  | Dungeon)
 11382 | D:9      | Acquired a manual of Short Blades
 11486 | D:9      | Noticed a two-headed ogre
 11492 | D:9      | Killed a two-headed ogre
 11493 | D:9      | Reached skill level 1 in Short Blades
 11493 | D:9      | Reached XP level 11. HP: 80/89 MP: 16/16
 11945 | D:9      | Found a staircase to the Orcish Mines.
 11949 | D:9      | Found Wosel's Weapon Emporium.
 12241 | D:9      | Noticed a sixfirhy
 12403 | D:10     | Entered Level 10 of the Dungeon
 12456 | D:10     | Found an iron altar of Okawaru.
 12459 | D:10     | Found a shimmering blue altar of Sif Muna.
 12518 | D:10     | Found a staircase to the Lair.
 12856 | D:10     | Reached skill level 10 in Fighting
 13975 | D:11     | Noticed a boulder beetle
 14023 | D:11     | Killed a boulder beetle
 14355 | D:11     | Found a portal to a secret trove of treasure.
 14495 | D:11     | Noticed a brown ugly thing
 14508 | D:11     | Killed a brown ugly thing
 15422 | D:12     | Noticed Erolcha
 15429 | D:12     | Killed Erolcha
 15430 | D:12     | Reached XP level 12. HP: 96/99 MP: 18/18
 15462 | D:12     | Noticed a centaur warrior
 15468 | D:12     | Killed a centaur warrior
 15876 | D:12     | Noticed Sonja
 15884 | D:12     | Killed Sonja
 15885 | D:12     | Reached skill level 5 in Short Blades
 15941 | D:12     | Noticed a two-headed ogre
 15947 | D:12     | Killed a two-headed ogre
 16314 | D:12     | Noticed a boulder beetle
 16336 | D:12     | Killed a boulder beetle
 16337 | D:12     | Reached skill level 11 in Fighting
 16575 | D:12     | Noticed a centaur warrior
 16587 | D:12     | Killed a centaur warrior
 16598 | D:12     | HP: 3/100 [komodo dragon (14)]
 17056 | D:12     | Reached skill level 10 in Axes
 17056 | D:12     | Reached skill level 10 in Invocations
 17624 | D:13     | Noticed Rupert
 17624 | D:13     | Noticed Nessos
 17624 | D:13     | Noticed Urug
 17624 | D:13     | Found a gate to the Vaults.
 17627 | D:13     | Killed Nessos
 17632 | D:13     | Slain by Rupert

Illustrated notes

Levels and vault maps discovered:
D:1:      evilmike_arrival_rings, layout_rooms, serial_shops,
          nicolae_shop_behind_doors, nicolae_shop_waterfront,
          nicolae_shop_bloodbath_and_beyond, nicolae_shop_overgrown_old_shop,
          nicolae_lakefront_shop
D:2:      layout_rooms, basic_altar, chequers_serial_rivers_micro_d,
          lexackson_kobold_supper
D:3:      layout_rooms, ebering_ecumenical_altar_rust,
          lightli_sewer_entry_pipes, uniq_natasha
D:4:      layout_loops_cross, minmay_between
D:5:      layout_loops_corners
D:6:      layout_basic, hex_medium
D:7:      layout_gridville, minmay_temple_entry_trees,
          lightli_bailey_entry_fortress, serial_shops,
          nicolae_shop_hallway_plus, hangedman_decor_push, uniq_pikel,
          uniq_duvessa
D:8:      black_bear_nest_1, layout_basic
D:9:      layout_loops_corners, orc_david_3
D:10:     layout_rooms, nicolae_overflow_squiral, david_lair_generic,
          serial_bayou_pond_a, minivault_11
D:11:     layout_stronghold, enter_trove_0
D:12:     layout_basic, uniq_sonja, uniq_erolcha
D:13:     layout_basic, david_vaults_3, okawaru_altar_gauntlet_db

Skill      XL: |  1  2  3  4  5  6  7  8  9 10 11 12 |
---------------+-------------------------------------+-----
Axes           | 2 3 4 5 7 8 9 10 | 10.4
Dodging        | 1 2 3 5 6 7 |  7.2
Shields        | 3 4 5 |  5.0
Armour         | 3 4 5 6 7 |  7.6
Fighting       | 4 5 6 8 9 10 11 | 11.5
Invocations    | 2 5 6 9 10 | 10.8
Short Blades   | 1 4 6 |  6.4

Action                   |  1- 3 |  4- 6 |  7- 9 | 10-12 || total
-------------------------+-------+-------+-------+-------++-------
Melee: War axe           |   113 |    20 |       |       ||   133
       Hand axe          |       |   124 |   220 |   194 ||   538
       Tailslap          |       |    21 |    57 |   112 ||   190
       Dagger            |       |       |   154 |   337 ||   491
       Unarmed           |       |       |       |     3 ||     3
Invok: Slouch            |       |       |       |     3 ||     3
       Step From Time    |       |       |       |     1 ||     1
  Use: Potion            |       |     1 |     7 |     2 ||    10
       Scroll            |       |       |     8 |     6 ||    14
 Stab: Confused          |       |       |       |     1 ||     1
Armor: Scale mail        |    58 |    54 |    81 |       ||   193
       Plate armour      |       |       |   132 |   297 ||   429
       Skin              |       |       |       |     1 ||     1
Dodge: Dodged            |    52 |    69 |   193 |   321 ||   635
Block: Buckler           |    28 |    28 |   155 |   237 ||   448

Table legend: (Time is in decaauts)
 A = Elapsed time spent in this place.
 B = Non-inter-level travel time spent in this place.
 C = Inter-level travel time spent in this place.
 D = Time resting spent in this place.
 E = Time spent auto-exploring this place.
 F = Levels seen in this place.
 G = Mean time per level.
                   A        B        C        D        E       F      G
               +--------+--------+--------+--------+--------+-----+--------+
         Total |  23929 |  22093 |   1836 |   1459 |  17551 |  14 | 1709.2 |
       Dungeon |  22809 |  20973 |   1836 |   1459 |  16758 |  13 | 1754.5 |
        Bailey |   1120 |   1120 |      0 |      0 |    792 |   1 | 1120.0 |
               +--------+--------+--------+--------+--------+-----+--------+

Top non-repeatable levels by time:
    D:12: 3263 daAuts
     D:5: 2805 daAuts
    D:11: 2783 daAuts
     D:6: 2086 daAuts
     D:9: 1915 daAuts
     D:4: 1889 daAuts
     D:7: 1826 daAuts
     D:1: 1421 daAuts
     D:3: 1407 daAuts
    D:10: 1406 daAuts
     D:8: 1324 daAuts
  Bailey: 1120 daAuts
     D:2: 673 daAuts
    D:13: 7 daAuts
